 Dungeon Crawl Stone Soup version 0.30-a0-782-ge64f9170bb (webtiles) character file.

Game seed: 5545202748282172987

85 senseless the Trooper (level 4, -5/36 HPs)
             Began as a Demonspawn Berserker on Mar 7, 2023.
             Was a Believer of Trog.
             Succumbed to an orc's poison
             ... on level 4 of the Dungeon.
             The game lasted 00:05:38 (2648 turns).

senseless the Trooper (Demonspawn Berserker)        Turns: 2648, Time: 00:05:38

Health: -5/36      AC: 12    Str: 19    XL:     4   Next: 25%
Magic:  4/4        EV:  8    Int:  8    God:    Trog [**....]
Gold:   118        SH:  0    Dex: 13    Spells: 3/3 levels left

rFire   . . .      SeeInvis .    i - +0 battleaxe
rCold   . . .      Faith    .    (shield currently unavailable)
rNeg    . . .      Spirit   .    o - +0 chain mail
rPois   .          Reflect  .    (no helmet)
rElec   .          Harm     .    (no cloak)
rCorr   .          Rampage  .    (no gloves)
Will    .....                    d - +0 pair of boots Stlth
                                 (no amulet)
HPRegen 0.26/turn                (no ring)
MPRegen 0.18/turn                (no ring)

@: lethally poisoned (-5 -> -33), on berserk cooldown, slowed, studying Axes,
very slow
A: molten scales 1, ignite blood 1, magic regeneration
a: Renounce Religion, Berserk, Trog's Hand


You were on level 4 of the Dungeon.
You worshipped Trog.
Trog was pleased with you.
You visited 1 branch of the dungeon, and saw 4 of its levels.

You collected 118 gold pieces.

Inventory:

Hand Weapons
 a - a +0 mace
 h - a +1 war axe
 i - a +0 battleaxe (weapon)
Armour
 b - a +0 animal skin
 c - a +0 buckler
 d - a +0 pair of boots (worn)
 o - a +0 chain mail (worn)
Jewellery
 k - an amulet of magic regeneration
Scrolls
 p - a scroll of identify
Potions
 e - 3 potions of lignification
 f - 2 potions of attraction
 g - a potion of invisibility
 j - 2 potions of heal wounds
 l - 3 potions of curing
 m - a potion of might


   Skills:
 + Level 3.6 Fighting
 + Level 3.2 Maces & Flails
 + Level 2.5 Armour
 + Level 2.5 Dodging


You had 3 spell levels left.
You didn't know any spells.
Your spell library was empty.

Dungeon Overview and Level Annotations

Branches:
Dungeon (4/15)
 Temple: D:4-7

Altars:
Ashenzari
Hepliaklqana


Innate Abilities, Weirdness & Mutations

You are partially covered in molten scales. (AC +2)
Your demonic aura sometimes causes spilled blood to erupt in flames.
You regenerate magic rapidly.


Message History

The sling bullet hits you but does no damage.
You feel your anger nearly subside.
You are no longer berserk.
You are exhausted.
You feel yourself slow down. Something hits you but does no damage.
Found 11 gold pieces.
The orc unwields a +0 sling.
The orc wields a +2 war axe of venom.
It begins to drip with poison!
The orc hits you with a +2 war axe of venom.
You are poisoned.
The orc wizard casts a spell.
The orc wizard flickers and vanishes!
The orc priest mumbles some strange prayers to Beogh against you.
Beogh smites you!
The orc hits you with a +2 war axe of venom!
* * * LOW HITPOINT WARNING * * *
You are more poisoned.
You are too injured to fight recklessly!
You are too injured to fight recklessly!
You are too injured to fight recklessly!
You are too injured to fight recklessly!
You are too injured to fight recklessly!
You are too injured to fight recklessly!
You are too injured to fight recklessly!
You are too injured to fight recklessly!
You are too injured to fight recklessly!
You are too injured to fight recklessly!
You are too injured to fight recklessly!
You are too injured to fight recklessly!
You are too injured to fight recklessly!
You are too injured to fight recklessly!
You are too injured to fight recklessly!
You are too injured to fight recklessly!
You are too injured to fight recklessly!
You are too injured to fight recklessly!
You are too injured to fight recklessly!
You are too injured to fight recklessly!
You are too injured to fight recklessly!
You hit the orc.
The orc is severely wounded.
You hit the orc priest but do no damage.
You die...

........$#
#........
###........
.........#
#.......#
#.....{.#
#....oo.# ##.#@#
#....# ## #.#.##
.# #.#.# .# #.#.#
.## #.#.# ..##
#.#.# ...##
##.#.#
....########....#


You could see an orc priest and an orc.

Vanquished Creatures
  3 adders
  A worm (D:2)
  2 dart slugs (D:1)
  An orc (D:3)
  7 bats
  3 endoplasms
  A giant cockroach (D:3)
  7 goblins
  5 hobgoblins
  2 jackals (D:1)
  3 ball pythons
  2 frilled lizards
  4 kobolds
  5 rats
  A spectral goblin (D:3)
47 creatures vanquished.

Notes
Turn   | Place    | Note
-------+----------+-------------------------------------------
     0 | D:1      | senseless the Demonspawn Berserker began the quest for the
                  | Orb.
     0 | D:1      | Reached XP level 1. HP: 18/18 MP: 1/1
   220 | D:1      | Gained mutation: Your demonic aura sometimes causes spilled
                  | blood to erupt in flames. [demonic ancestry]
   220 | D:1      | Reached XP level 2. HP: 24/24 MP: 2/2
   951 | D:2      | Gained mutation: You are partially covered in molten
                  | scales. (AC +2) [demonic ancestry]
   951 | D:2      | Reached XP level 3. HP: 21/29 MP: 3/3
  1033 | D:2      | Reached ** piety under Trog
  1410 | D:2      | Identified a scroll of acquirement
  1410 | D:2      | Acquired a manual of Axes
  2045 | D:3      | Found a broken altar of Ashenzari.
  2071 | D:3      | Gained mutation: You regenerate magic rapidly. [demonic
                  | ancestry]
  2071 | D:3      | Reached XP level 4. HP: 35/35 MP: 4/4
  2536 | D:3      | Found a hazy altar of Hepliaklqana.
  2648 | D:4      | Succumbed to an orc's poison

Illustrated notes

Levels and vault maps discovered:
D:1:      ncdulo_smallfort, layout_loops_ring, kennysheep_boxes
D:2:      layout_basic
D:3:      layout_basic, nicolae_hepliaklqana_monster_ancestors,
          marbit_many_paths
D:4:      layout_loops_ring, uniq_duvessa

Skill      XL: |  1  2 |
---------------+-------+-----
Armour         | 2 |  2.5
Dodging        | 2 |  2.5
Maces & Flails | 3 |  3.2
Fighting       | |  3.6

Action                     |  1- 3 |  4- 6 || total
---------------------------+-------+-------++-------
  Melee: Mace              |    69 |       ||    69
         War axe           |    45 |    16 ||    61
         Battleaxe         |       |    20 ||    20
 Invoke: Berserk           |       |     1 ||     1
    Use: Scroll            |     8 |     4 ||    12
   Stab: Sleeping          |     2 |       ||     2
 Armour: Animal skin       |    14 |       ||    14
         Chain mail        |    31 |    29 ||    60
         Skin              |     1 |       ||     1
  Dodge: Dodged            |    74 |    13 ||    87
  Block: Buckler           |    12 |     3 ||    15

Table legend: (Time is in decaauts)
 A = Elapsed time spent in this place.
 B = Non-inter-level travel time spent in this place.
 C = Inter-level travel time spent in this place.
 D = Time resting spent in this place.
 E = Time spent auto-exploring this place.
 F = Levels seen in this place.
 G = Mean time per level.
                   A        B        C        D        E       F      G
               +--------+--------+--------+--------+--------+-----+--------+
         Total |   2703 |   2623 |     80 |     69 |   2093 |   4 |  675.8 |
       Dungeon |   2703 |   2623 |     80 |     69 |   2093 |   4 |  675.8 |
               +--------+--------+--------+--------+--------+-----+--------+

Top non-repeatable levels by time:
     D:1: 881 daAuts
     D:2: 874 daAuts
     D:3: 845 daAuts
     D:4: 102 daAuts
